 Dungeon Crawl Stone Soup version 0.26-a0-753-g4680b4fa2e (webtiles) character file.

Game seed: 16556362266165088665

2498 Gargoyl the Skirmisher (level 9, -7/73 (74) HPs)
             Began as a Gnoll Abyssal Knight on Nov 7, 2020.
             Was a High Priest of Lugonu.
             Mangled by an orc warrior
             ... wielding a +0 dire flail
              (17 damage)
             ... on level 6 of the Dungeon.
             The game lasted 00:11:32 (5275 turns).

Gargoyl the Skirmisher (Gnoll Abyssal Knight)       Turns: 5275, Time: 00:11:32

HP:   -7/73 (74)    AC: 15    Str: 17    XL:     9   Next: 52%
MP:   15/15         EV:  7    Int: 16    God:    Lugonu [*****.]
Gold: 366           SH:  0    Dex: 14    Spells: 16/16 levels left

rFire    . . .     SeeInvis .   x - +2 falchion (elec)
rCold    . . .     Faith    .   (no shield)
rNeg     . . .     Spirit   .   v - +3 plate armour
rPois    .         Reflect  .   (no helmet)
rElec    .         Harm     .   (no cloak)
rCorr    +         Rampage  .   (no gloves)
MR       .....                  (no boots)
Stlth    ..........             h - amulet of regeneration
HPRegen  0.62/turn              p - ring of resist corrosion
MPRegen  0.14/turn              (no ring)

@: no status effects
A: distributed training, fangs 1, strong nose
a: Depart the Abyss, Bend Space, Banish, Corrupt, Enter the Abyss, Renounce
Religion


You were on level 6 of the Dungeon.
You worshipped Lugonu.
Lugonu was extremely pleased with you.
You visited 1 branch of the dungeon, and saw 6 of its levels.
You visited the Abyss 1 time.
You also visited: Sewer.

You collected 366 gold pieces.

Inventory:

Hand Weapons
 a - a +2 hand axe
 j - a +2 vorpal hand axe
 x - a +2 falchion of electrocution (weapon)
Missiles
 b - 44 poisoned darts (quivered)
Armour
 v - a +3 plate armour (worn)
Jewellery
 c - an uncursed amulet of reflection
 h - an amulet of regeneration (around neck)
 p - a ring of resist corrosion (left hand)
Wands
 t - a wand of digging (5)
Scrolls
 e - a scroll of identify
 i - 2 scrolls of enchant armour
 k - a scroll of remove curse
 n - 3 scrolls of teleportation
 o - a scroll of blinking
 q - a scroll of fear
 u - a scroll of fog
Potions
 d - a potion of brilliance
 f - 3 potions of lignification
 g - a potion of magic
 l - a potion of ambrosia
 r - 3 potions of curing {unknown}
 s - a potion of mutation {unknown}
 z - a potion of attraction {unknown}


   Skills:
 + Level 7.9 Fighting
 + Level 4.3 Short Blades
 + Level 4.3 Long Blades
 + Level 6.4 Axes
 + Level 4.3 Maces & Flails
 + Level 4.3 Polearms
 + Level 4.3 Staves
 + Level 4.3 Slings
 + Level 4.3 Bows
 + Level 4.3 Crossbows
 + Level 4.3 Throwing
 + Level 6.4 Armour
 + Level 5.1 Dodging
 + Level 4.3 Stealth
 + Level 4.3 Shields
 + Level 4.3 Unarmed Combat
 + Level 4.3 Spellcasting
 + Level 3.5 Conjurations
 + Level 3.5 Hexes
 + Level 3.5 Summonings
 + Level 3.5 Necromancy
 + Level 3.5 Translocations
 + Level 3.5 Transmutations
 + Level 3.5 Fire Magic
 + Level 3.5 Ice Magic
 + Level 3.5 Air Magic
 + Level 3.5 Earth Magic
 + Level 3.5 Poison Magic
 + Level 6.7 Invocations
 + Level 4.3 Evocations


You had 16 spell levels left.
You didn't know any spells.
Your spell library was empty.

Dungeon Overview and Level Annotations

Branches:
Dungeon (6/15)             Temple (0/1) D:4           Sewer (visited)

Altars:
Fedhas
Gozag
Hepliaklqana
Kikubaaqudgha
Qazlal
Yredelemnul
The Shining One


Innate Abilities, Weirdness & Mutations

Your experience applies equally to all skills.
You have very sharp teeth.
Your uncanny sense of smell can sniff out nearby items.


Message History

The orc hits you but does no damage. The orc priest barely misses you.
The orc warrior hits you with a +0 dire flail.
Unknown command.
You closely miss the orc warrior.
The orc warrior is severely wounded.
The orc hits you but does no damage. The orc warrior barely misses you.
Unknown command.
Your plate armour prevents you from hitting the orc warrior.
The orc warrior is severely wounded.
The orc priest mumbles some strange prayers to Beogh against you.
Beogh smites you!
* * * LOW HITPOINT WARNING * * *
The orc hits you but does no damage.
Unknown command.
You hit the orc warrior.
The orc warrior is severely wounded.
The orc priest hits you with a +0 war axe.
* * * LOW HITPOINT WARNING * * *
The orc warrior hits you with a +0 dire flail!
You die...

*,.... ♣♣♣♣♣ *,....
♣♣...♣♣ *,....
♣♣.....♣♣ *,...,
♣♣.......♣♣ *,..,,
♣...._....♣
**##*#*##
♣♣.........♣♣
*,...###.
♣...........♣
***#...#.
*,♣...@...♣,* **#...
**♣♣♣ooo♣♣♣** ###.
♣♣...♣♣ ########.
♣.....♣ #......#.
###.########**###..#
#........# #.....
####.....# ##.##.#
#.....###..##.#
#.........###..


You could see an orc warrior, an orc priest and an orc.

Vanquished Creatures
  Sigmund (D:2)
  A black bear (D:6)
  2 orc warriors
  An ice beast (D:6)
  A phantom (D:5)
  3 necrophages (D:6)
  2 ogres
  A centaur (D:6)
  A big kobold (D:4)
  4 bullfrogs
  A scorpion (D:4)
  A howler monkey (D:4)
  5 hounds
  An orc priest (D:6)
  3 orc wizards
  Natasha (thrice) (D:3)
  2 iguanas (D:5)
  4 worker ants
  A hound skeleton (D:2)
  4 gnolls (D:3)
  A howler monkey skeleton (D:5)
  13 adders
  2 ufetubi
  13 oozes
  2 adder skeletons (D:4)
  4 worms
  2 dart slugs
  11 leopard geckos
  39 orcs
  14 giant cockroaches
  9 goblins
  6 hobgoblins
  7 jackals
  4 quokkas
  20 ball pythons
  6 bats
  15 frilled lizards
  A jackal skeleton (D:4)
  5 kobolds
  7 rats
223 creatures vanquished.

Vanquished Creatures (others)
  10 withered plants (D:2)
10 creatures vanquished.

Grand Total: 233 creatures vanquished

Notes
Turn   | Place    | Note
-------+----------+-------------------------------------------
     0 | Abyss:1  | Gargoyl the Gnoll Abyssal Knight began the quest for the
                  | Orb.
     0 | Abyss:1  | Reached XP level 1. HP: 23/23 MP: 3/3
    70 | Abyss:2  | Noticed a flayed ghost
    75 | D:1      | Escaped the Abyss
   279 | D:1      | Reached XP level 2. HP: 25/29 MP: 5/5
   287 | D:1      | Reached * piety under Lugonu
   769 | D:2      | Reached XP level 3. HP: 35/35 MP: 6/6
   835 | D:2      | Noticed Sigmund
   859 | D:2      | Killed Sigmund
   859 | D:2      | Reached skill level 1 in Short Blades
   859 | D:2      | Reached skill level 1 in Long Blades
   859 | D:2      | Reached skill level 1 in Maces & Flails
   859 | D:2      | Reached skill level 1 in Polearms
   859 | D:2      | Reached skill level 1 in Staves
   859 | D:2      | Reached skill level 1 in Slings
   859 | D:2      | Reached skill level 1 in Bows
   859 | D:2      | Reached skill level 1 in Crossbows
   859 | D:2      | Reached skill level 1 in Throwing
   859 | D:2      | Reached skill level 1 in Stealth
   859 | D:2      | Reached skill level 1 in Shields
   859 | D:2      | Reached skill level 1 in Unarmed Combat
   859 | D:2      | Reached skill level 1 in Spellcasting
   859 | D:2      | Reached skill level 1 in Conjurations
   859 | D:2      | Reached skill level 1 in Hexes
   859 | D:2      | Reached skill level 1 in Summonings
   859 | D:2      | Reached skill level 1 in Necromancy
   859 | D:2      | Reached skill level 1 in Translocations
   859 | D:2      | Reached skill level 1 in Transmutations
   859 | D:2      | Reached skill level 1 in Fire Magic
   859 | D:2      | Reached skill level 1 in Ice Magic
   859 | D:2      | Reached skill level 1 in Air Magic
   859 | D:2      | Reached skill level 1 in Earth Magic
   859 | D:2      | Reached skill level 1 in Poison Magic
   859 | D:2      | Reached skill level 1 in Evocations
   859 | D:2      | Reached XP level 4. HP: 15/41 MP: 7/7
   859 | D:2      | Reached XP level 5. HP: 17/47 MP: 8/8
   863 | D:2      | Reached skill level 5 in Invocations
  1205 | D:2      | Found an ancient bone altar of Kikubaaqudgha.
  1208 | D:2      | Reached XP level 6. HP: 53/53 MP: 9/9
  1459 | D:2      | Reached ** piety under Lugonu
  1548 | D:2      | Found a basalt altar of Yredelemnul.
  1822 | D:3      | Noticed Natasha
  1833 | D:3      | Killed Natasha
  1886 | D:3      | Reached skill level 5 in Axes
  1886 | D:3      | Reached skill level 5 in Armour
  2194 | D:3      | Found a glowing drain.
  2198 | Sewer    | Entered a sewer
  2242 | Sewer    | Reached XP level 7. HP: 59/59 MP: 10/10
  2281 | Sewer    | Reached *** piety under Lugonu
  2342 | Sewer    | Reached skill level 7 in Fighting
  2505 | Sewer    | Reached **** piety under Lugonu
  2674 | D:3      | Noticed Natasha
  2678 | D:3      | Found a hazy altar of Hepliaklqana.
  2687 | D:3      | Killed Natasha
  2753 | D:3      | Noticed Natasha
  2762 | D:3      | Killed Natasha
  3127 | D:4      | Found a staircase to the Ecumenical Temple.
  3301 | D:4      | Reached XP level 8. HP: 63/67 MP: 12/12
  3314 | D:4      | Found a glowing golden altar of the Shining One.
  3645 | D:5      | Entered Level 5 of the Dungeon
  3890 | D:5      | Found an opulent altar of Gozag.
  4064 | D:5      | Found a stormy altar of Qazlal.
  4566 | D:6      | Reached XP level 9. HP: 72/72 MP: 14/14
  4985 | D:6      | Reached ***** piety under Lugonu
  5007 | D:5      | Reached skill level 5 in Dodging
  5262 | D:6      | Found a blossoming altar of Fedhas.
  5275 | D:6      | Mangled by an orc warrior

Illustrated notes

Levels and vault maps discovered:
D:1:      erik_arrival_triangle_large, layout_basic
D:2:      layout_loops_cross, kiku_gazebo_garden_becter,
          nicolae_overflow_crystal_walls, minivault_5, minmay_small_reverse_x,
          uniq_sigmund
D:3:      layout_rooms, marbit_many_paths, gup_sewer_entry_bowl,
          kennysheep_generic_room_16, uniq_natasha
D:4:      minmay_diamond_boxcup, layout_cave_pods, tso_altar,
          minmay_temple_entry_waves
D:5:      layout_cave_pools, lemuel_round_altar, grunt_qazlal_clouds
D:6:      layout_rooms, slow_altar_1, cheibrodos_ashenzari_chains,
          fedhas_altar_fruit_tree

Skill      XL: |  1  2  3  4  5  6  7  8  9 |
---------------+----------------------------+-----
Short Blades   | 1 2 3 4 |  4.3
Long Blades    | 1 2 3 4 |  4.3
Maces & Flails | 1 2 3 4 |  4.3
Polearms       | 1 2 3 4 |  4.3
Staves         | 1 2 3 4 |  4.3
Slings         | 1 2 3 4 |  4.3
Bows           | 1 2 3 4 |  4.3
Crossbows      | 1 2 3 4 |  4.3
Throwing       | 1 2 3 4 |  4.3
Dodging        | 3 4 5 |  5.1
Stealth        | 1 2 3 4 |  4.3
Shields        | 1 2 3 4 |  4.3
Unarmed Combat | 1 2 3 4 |  4.3
Spellcasting   | 1 2 3 4 |  4.3
Conjurations   | 1 2 3 |  3.5
Hexes          | 1 2 3 |  3.5
Summonings     | 1 2 3 |  3.5
Necromancy     | 1 2 3 |  3.5
Translocations | 1 2 3 |  3.5
Transmutations | 1 2 3 |  3.5
Fire Magic     | 1 2 3 |  3.5
Ice Magic      | 1 2 3 |  3.5
Air Magic      | 1 2 3 |  3.5
Earth Magic    | 1 2 3 |  3.5
Poison Magic   | 1 2 3 |  3.5
Evocations     | 1 2 3 4 |  4.3
Invocations    | 5 6 |  6.7
Axes           | 5 6 |  6.4
Armour         | 5 6 |  6.4
Fighting       | 7 |  7.9

Action                   |  1- 3 |  4- 6 |  7- 9 || total
-------------------------+-------+-------+-------++-------
Melee: Hand axe          |    70 |   119 |   310 ||   499
       Bite              |     6 |    11 |    45 ||    62
       Punch             |       |     2 |     4 ||     6
       Falchion          |       |       |   123 ||   123
Invok: Depart the Abyss  |     1 |       |       ||     1
  Use: Scroll            |     6 |     7 |     6 ||    19
Armor: Leather armour    |     6 |       |       ||     6
       Scale mail        |    32 |    26 |       ||    58
       Plate armour      |       |    52 |   409 ||   461
Dodge: Dodged            |    45 |    70 |   201 ||   316
Block: Other             |    17 |     9 |       ||    26
       Reflection        |       |     1 |       ||     1
       Rpst.: Falchion   |       |       |    15 ||    15

Table legend: (Time is in decaauts)
 A = Elapsed time spent in this place.
 B = Non-inter-level travel time spent in this place.
 C = Inter-level travel time spent in this place.
 D = Time resting spent in this place.
 E = Time spent auto-exploring this place.
 F = Levels seen in this place.
 G = Mean time per level.
                   A        B        C        D        E       F      G
               +--------+--------+--------+--------+--------+-----+--------+
         Total |   5392 |   5290 |    102 |    770 |   2905 |   9 |  599.1 |
       Dungeon |   4878 |   4776 |    102 |    770 |   2759 |   6 |  813.0 |
         Abyss |     74 |     74 |      0 |      0 |     64 |   2 |   37.0 |
         Sewer |    439 |    439 |      0 |      0 |     81 |   1 |  439.0 |
               +--------+--------+--------+--------+--------+-----+--------+

Top non-repeatable levels by time:
     D:5: 1117 daAuts
     D:2: 1052 daAuts
     D:4: 913 daAuts
     D:1: 693 daAuts
     D:3: 645 daAuts
     D:6: 455 daAuts
   Sewer: 439 daAuts
 Abyss:1: 58 daAuts
 Abyss:2: 16 daAuts
